 Dungeon Crawl Stone Soup version 0.29.1-15-g9cfb28693d (webtiles) character file.

Game seed: 13192055045463997892

121 Gustavia the Covert (level 4, -5/23 HPs)
             Began as a Spriggan Brigand on Mar 7, 2023.
             Was an Initiate of Makhleb.
             Killed by divine providence
             ... invoked by an orc priest
              (12 damage)
             ... on level 3 of the Dungeon on Mar 9, 2023.
             The game lasted 00:13:03 (1745 turns).

Gustavia the Covert (Spriggan Brigand)              Turns: 1745, Time: 00:13:04

Health: -5/23      AC:  5    Str:  6    XL:     4   Next: 76%
Magic:  5/5        EV: 16    Int: 16    God:    Makhleb [......]
Gold:   86         SH:  0    Dex: 17    Spells: 3/3 levels left

rFire   . . .      SeeInvis +   l - +3 short sword
rCold   . . .      Faith    .   (no shield)
rNeg    . . .      Spirit   .   b - +2 robe
rPois   .          Reflect  .   (helmet restricted)
rElec   .          Harm     .   c - +0 cloak
rCorr   .          Rampage  .   (gloves unavailable)
Will    .....                   (boots unavailable)
Stlth   ++++......              f - amulet of regeneration
HPRegen 0.87/turn               (no ring)
MPRegen 0.09/turn               (no ring)

@: very quick
A: very small, no large weapons, unfitting armour, see invisible, speed 3, beak,
clever 1
a: Renounce Religion


You were on level 3 of the Dungeon.
You worshipped Makhleb.
Makhleb was noncommittal.
You visited 1 branch of the dungeon, and saw 3 of its levels.

You collected 86 gold pieces.

Inventory:

Hand Weapons
 l - a +3 short sword (weapon)
Missiles
 d - 13 poisoned darts (quivered)
 e - 9 curare-tipped darts
Armour
 b - a +2 robe (worn)
 c - a +0 cloak (worn)
Jewellery
 f - an amulet of regeneration (around neck)
Scrolls
 h - a scroll of vulnerability
 j - a scroll of butterflies
 k - a scroll of immolation
Potions
 g - 2 potions of haste
 i - a potion of curing


   Skills:
 + Level 2.2 Fighting
 + Level 3.0 Short Blades
 + Level 2.0 Throwing
 + Level 1.6 Dodging
 + Level 8.3 Stealth


You had 3 spell levels left.
You didn't know any spells.
Your spell library was empty.

Dungeon Overview and Level Annotations

Branches:
Dungeon (3/15)

Altars:
Makhleb
Xom


Innate Abilities, Weirdness & Mutations

You are very small and have problems with some larger weapons.
You are too small for most types of armour.
You have supernaturally acute eyesight. (SInv)
You cover ground extremely quickly. (Speed+++)
You have a beak for a mouth.
Your mind is acute. (Int +4, Str/Dex -1)


Message History

You barely miss the orc wizard.
The orc wizard is moderately wounded.
The orc wizard hits you but does no damage.
The orc priest closely misses you.
You hit the orc wizard but do no damage.
You peck the orc wizard.
The orc wizard is heavily wounded.
The orc wizard hits you with a +0 dagger.
The orc priest closely misses you.
You hit the orc wizard.
The orc wizard is severely wounded.
The orc wizard hits you but does no damage.
The orc priest closely misses you.
You hit the orc wizard.
The orc wizard is almost dead.
The orc priest hits you but does no damage.
The orc wizard completely misses you.
You barely miss the orc wizard.
The orc wizard is almost dead.
The orc wizard hits you but does no damage.
The orc priest closely misses you.
You hit the orc wizard.
You kill the orc wizard!
Makhleb accepts your kill. The orc priest hits you with a +0 club.
Your Short Blades skill increases to level 3!
The orc priest calls down the wrath of Beogh upon you.
Beogh smites you!
Things that are here:
a +0 dagger; a +0 robe You hit the orc priest.
The orc priest is lightly wounded.
The orc priest hits you with a +0 club.
* * * LOW HITPOINT WARNING * * *
You barely miss the orc priest.
The orc priest is lightly wounded.
The orc priest invokes the aid of Beogh against you.
Beogh smites you!
Ouch! That really hurt!
You die...

#..>...#
#......#
#.o....##
#o...?...
#......#
#......#
###......#
###........#
#@oo###.####
##.### .#
###).# #
##...##
#...#######.#
#...........#
#...≈≈≈≈≈≈≈.#
#..≈≈≈≈≈≈...##
#..≈≈_....8..#


You could see an orc priest and an orc wizard (invisible).

Vanquished Creatures
  An orc wizard (D:3)
  5 adders (D:2)
  A worm (D:2)
  A dart slug (D:2)
  An orc (D:3)
  7 endoplasms
  2 giant cockroaches (D:2)
  3 goblins
  4 hobgoblins
  5 ball pythons
  2 bats
  5 frilled lizards
  6 kobolds
  3 rats
46 creatures vanquished.

Notes
Turn   | Place    | Note
-------+----------+-------------------------------------------
     0 | D:1      | Gustavia the Spriggan Brigand began the quest for the Orb.
     0 | D:1      | Reached XP level 1. HP: 10/10 MP: 2/2
    92 | D:1      | Gained mutation: Your muscles are strong. (Str +4, Int/Dex
                  | -1) [potion of mutation]
   292 | D:1      | Reached skill level 6 in Stealth
   407 | D:1      | Lost mutation: Your muscles are strong. (Str +4, Int/Dex
                  | -1) [potion of mutation]
   407 | D:1      | Gained mutation: You have a beak for a mouth. [potion of
                  | mutation]
   407 | D:1      | Gained mutation: Your mind is acute. (Int +4, Str/Dex -1)
                  | [potion of mutation]
   603 | D:1      | Reached XP level 2. HP: 15/15 MP: 3/3
   862 | D:2      | Reached skill level 7 in Stealth
   862 | D:2      | Reached XP level 3. HP: 18/18 MP: 4/4
  1066 | D:2      | Found a burning altar of Makhleb.
  1074 | D:2      | Became a worshipper of Makhleb the Destroyer
  1179 | D:2      | Reached XP level 4. HP: 23/23 MP: 5/5
  1283 | D:2      | Reached skill level 8 in Stealth
  1296 | D:2      | Found a faded altar of an unknown god.
  1694 | D:3      | Found a shimmering altar of Xom.
  1745 | D:3      | Killed from afar by an orc priest

Illustrated notes

Levels and vault maps discovered:
D:1:      psy_arrival_dodecagon, layout_loops_ring
D:2:      layout_basic, hellmonk_ecumenical_altar_blasted, basic_altar,
          minmay_joined_circles
D:3:      kennysheep_goblin_castle, layout_rooms,
          lemuel_zombie_altar_kikubaaqudgha, nicolae_gozag_seed_capital,
          mainiacjoe_overflow_catwalk, uniq_grinder, uniq_robin, uniq_jessica

Skill      XL: |  1  2  3  4 |
---------------+-------------+-----
Stealth        | 6 7 8 |  8.3
Fighting       | 2 |  2.2
Short Blades   | 3 |  3.0
Throwing       | |  2.0
Dodging        | |  1.6

Action                   |  1- 3 |  4- 6 || total
-------------------------+-------+-------++-------
Melee: Dagger            |    40 |       ||    40
       Short sword       |    22 |    60 ||    82
       Peck              |     4 |     8 ||    12
  Use: Scroll            |    10 |     3 ||    13
       Potion            |     4 |     1 ||     5
 Stab: Sleeping          |    16 |     3 ||    19
Armor: Robe              |     4 |    14 ||    18
Dodge: Dodged            |    31 |    31 ||    62
